 Dungeon Crawl Stone Soup version 0.32-a0-996-gb3226c233f (webtiles) character file.

Game seed: 1439808043321362753

23212 GeoRichter the Fighter (level 13, -6/74 HPs)
             Began as a Vine Stalker Brigand on Apr 23, 2024.
             Was a Priest of Beogh.
             Mangled by a death yak (13 damage)
             ... on level 3 of the Lair of Beasts.
             The game lasted 00:23:45 (13076 turns).

GeoRichter the Fighter (Vine Stalker Brigand)      Turns: 13076, Time: 00:23:46

Health: -6/74      AC: 11    Str: 19    XL:     13   Next: 5%
Magic:  0/20       EV: 15    Int: 11    God:    Beogh [***...]
Gold:   712        SH:  5    Dex: 22    Spells: 12/12 levels left

rFire   . . .        j - +2 short sword (vamp) {!w}
rCold   . . .        H - +0 buckler
rNeg    . . .        G - +0 acid dragon scales
rPois   .            u - +2 hat
rElec   .            c - +0 cloak
rCorr   +            (no gloves)
SInv    .            (no boots)
Will    +....        (no amulet)
Stlth   ++++         k - +5 ring of evasion
HPRegen 1.12/turn    i - +6 ring of dexterity
MPRegen 0.17/turn

%: guardian spirit
@: no status effects
A: fangs 3, regeneration 1, magic shield, antimagic bite, no potion heal 2
a: Renounce Religion, Smiting, Recall Apostles, Dismiss Brunolf, priest


You were on level 3 of the Lair of Beasts.
You worshipped Beogh.
Beogh was most pleased with you.
You visited 2 branches of the dungeon, and saw 13 of its levels.

You collected 712 gold pieces.

Inventory:

Hand Weapons
 b - a +3 short sword of freezing
   (You took it off a wight on level 7 of the Dungeon)
 j - a +2 vampiric short sword (weapon) {!w}
   (You took it off a kobold on level 1 of the Dungeon)
 x - a +2 short sword of holy wrath
   (You took it off an orc priest on level 5 of the Dungeon)
 J - a +2 scimitar of flaming
   (You took it off Erica on level 9 of the Dungeon)
Missiles
 d - 39 poisoned darts (quivered)
 e - 8 curare-tipped darts {!f}
 v - 4 throwing nets {!f}
Armour
 c - a +0 cloak (worn)
 t - a +1 scale mail of cold resistance
   (You took it off an orc on level 5 of the Dungeon)
 u - a +2 hat (worn)
   (You found it on level 4 of the Dungeon)
 G - +0 acid dragon scales (worn)
   (You found it on level 9 of the Dungeon)
 H - a +0 buckler (worn)
   (You found it on level 9 of the Dungeon)
Jewellery
 a - an amulet of reflection
   (You found it on level 4 of the Dungeon)
 i - a +6 ring of dexterity (right hand)
   (You found it on level 4 of the Dungeon)
 k - a +5 ring of evasion (left hand)
   (You found it on level 1 of the Dungeon)
Wands
 z - a wand of iceblast (9)
   (You found it on level 6 of the Dungeon)
 F - a wand of mindburst (11)
   (You found it on level 9 of the Dungeon)
 I - a wand of polymorph (6)
   (You found it on level 10 of the Dungeon)
 L - a wand of acid (7)
   (You found it on level 3 of the Lair of Beasts)
Scrolls
 m - a scroll of enchant weapon {unknown}
 o - a scroll of silence
 q - a scroll of noise {!r}
 s - 2 scrolls of vulnerability {!r}
 y - 3 scrolls of enchant armour
 A - 3 scrolls of teleportation {@r4}
 B - 2 scrolls of fear {unknown}
 C - 3 scrolls of fog {unknown}
 D - a scroll of immolation {unknown}
 K - 2 scrolls of identify {@r1}
Potions
 f - 2 potions of resistance
 g - a potion of mutation {unknown}
 h - 3 potions of haste {@q3}
 l - a potion of berserk rage
 n - a potion of degeneration {unknown}
 p - 2 potions of attraction {!q}
 r - 2 potions of brilliance
 w - 3 potions of curing {@q1}
 E - a potion of cancellation {unknown}


   Skills:
 + Level 11.3 Fighting
 - Level 10.0 Short Blades
 - Level 1.7 Throwing
 - Level 7.7 Armour
 - Level 0.9 Dodging
 + Level 7.5 Stealth
 + Level 9.2 Invocations
 - Level 4.0 Evocations


You had 12 spell levels left.
You didn't know any spells.
Your spell library contained the following spells:

 Spells                   Type           Power      Damage    Failure   Level
 Sting                    Conj/Alch      0%         1d3       50%         1
 Lesser Beckoning         Tloc           0%         N/A       65%         2
 Mercury Vapours          Alch/Air       0%         N/A       65%         2
 Scorch                   Fire           0%         2d5       65%         2
 Inner Flame              Hex/Fire       0%         N/A       86%         3
 Maxwell's Portable Pile  Tloc           0%         2d(5-13)  86%         3
 Teleport Other           Tloc           0%         N/A       86%         3
 Flame Wave               Conj/Fire      0%         2d4       99%         4
 Leda's Liquefaction      Alch/Erth      0%         N/A       99%         4
 Olgreb's Toxic Radiance  Alch           0%         N/A       99%         4
 Petrify                  Alch/Erth      0%         N/A       99%         4
 Irradiate                Conj/Alch      0%         3d11      100%        5
 Metabolic Englaciation   Hex/Ice        0%         N/A       100%        5
 Summon Cactus Giant      Summ           0%         N/A       100%        6
 Ignition                 Fire           0%         3d3       100%        8


Dungeon Overview and Level Annotations

Branches:
Dungeon (10/15) Zot: 26339  Temple (0/1) D:6            Lair (3/5) D:10 Zot: 15026
 Shoals (0/4) Lair:2          Orc (0/2) D:10
  Snake: Lair:2-3    Spider: Lair:2-3

Altars:
Kikubaaqudgha
Okawaru
Qazlal
Vehumet

Annotations:
D:4 1 runed translucent door, P0WERM0DE's ghost, amateur CoCK
D:6 2 transporters, lilalause's ghost, weakling CoDe
D:7 1 runed translucent door, Crazy Yiuf
D:10 1 runed translucent door, kuniqs's ghost, journeyman DsFi
Lair:2 exclusion: scrub nettle


Innate Abilities, Weirdness & Mutations

Your facial features look somewhat orcish.
You have razor-sharp teeth.
Your natural rate of healing is unusually fast.
When hurt, damage is shared between your health and your magic reserves.
Your bite disrupts and absorbs the magic of your enemies.
Potions cannot restore your health.


Message History

The death yak is moderately wounded.
You hit the death yak.
The death yak is moderately wounded.
The death yak gores you!
You hit the death yak.
You feel better.
Your bite misses the death yak.
The death yak is moderately wounded.
Brunolf hits the death yak with a +3 heavy flail!!
The death yak gores you!
The death yak closely misses Brunolf.
You strike the helpless death yak from behind!
You impale the death yak!!
The death yak is almost dead.
You hit the death yak but do no damage. You bite the death yak!
You kill the death yak!
Beogh accepts your kill. You block the death yak's attack.
You hit the death yak. You bite the death yak. You drain its power.
You feel invigorated.
The death yak is lightly wounded.
Brunolf barely misses the death yak.
You hit the death yak but do no damage.
The death yak is lightly wounded.
The death yak gores you! The death yak barely misses you.
You hit the death yak but do no damage. You bite the death yak.
You drain its power.
You feel invigorated.
The death yak is lightly wounded.
You hit the death yak but do no damage. Your bite misses the death yak.
The death yak is lightly wounded.
Brunolf hits the death yak with a +3 heavy flail!
The death yak gores you. The death yak gores you!!
You puncture the death yak!
You feel better.
You bite the death yak. You drain its power.
You feel invigorated.
The death yak is heavily wounded.
You hit the death yak.
The death yak is heavily wounded.
The death yak gores you!!
* * * LOW HITPOINT WARNING * * *
The death yak closely misses you. x2
Brunolf mumbles some strange prayers to Beogh against the death yak.
The death yak is smitten.
You hit the death yak but do no damage.
You bite the death yak, but do no damage.
The death yak is heavily wounded.
You barely miss the death yak.
The death yak is heavily wounded.
The death yak gores you!
* * * LOW HITPOINT WARNING * * *
The death yak gores you!!
* * * LOW HITPOINT WARNING * * *
The death yak gores you!
You die...

##....### ##......##.............
#....## #....#..P###...........
#....# ##........# #...........
#....#####....####.##............
#...#.P##.....## #..##.P.........
##.....#..#....##...#...P........
#........####.#.##..).........<.
#......### ##..## .............
###...## #..o@# ............
#.... ##PYYY............... #....
#................... #.#....
..................... ###....
...P.#..........#..#.. #..
......#.........###..##. ......
Y....... #..### ...... .......
#..# # ... #..###


You could see 3 death yaks and the friendly Brunolf the orc apostle.

Vanquished Creatures
  Erica (D:9)
  A two-headed ogre (D:9)
  A death yak (Lair:3)
  A skyshark (Lair:1)
  2 harpies (Lair:2)
  An oklob plant (Lair:3)
  2 black mambas
  3 cane toads
  A torpor snail (Lair:3)
  4 rime drakes
  7 komodo dragons
  An unseen horror (D:7)
  A kobold demonologist (D:9)
  3 trolls
  3 polar bears
  A hornet (D:7)
  7 blink frogs
  Sigmund (D:6)
  2 wraiths
  4 wyverns
  A basilisk (D:10)
  3 steam dragons (D:8)
  35 yaks
  Menkaure (D:5)
  An acid dragon (D:9)
  12 water moccasins
  3 orc warriors
  A sky beast (D:7)
  A black bear (D:6)
  2 ogres (D:5)
  4 centaurs
  4 kobold brigands
  9 bullfrogs
  6 scorpions
  5 wights (D:7)
  4 howler monkeys
  2 gnoll boudas
  An orc priest (D:5)
  A bombardier beetle (D:5)
  2 hounds
  A sleepcap (D:5)
  Terence (D:2)
  4 iguanas
  3 orc wizards
  4 hell rats (Lair:3)
  25 gnolls
  6 adders
  2 shadow imps
  2 white imps
  6 ufetubi
  2 dart slugs
  43 orcs
  7 endoplasms
  3 giant cockroaches
  2 goblins
  5 hobgoblins
  15 jackals (D:5)
  19 kobolds
  3 quokkas
  10 ball pythons
  6 bats
  7 frilled lizards
  6 rats
327 creatures vanquished.

Vanquished Creatures (collateral kills)
  A blink frog (Lair:3)
  A hell rat (Lair:3)
2 creatures vanquished.

Vanquished Creatures (others)
  An orc (D:7)
1 creature vanquished.

Grand Total: 330 creatures vanquished

Notes
Turn   | Place    | Note
-------+----------+-------------------------------------------
     0 | D:1      | GeoRichter the Vine Stalker Brigand began the quest for the
                  | Orb.
     0 | D:1      | Reached XP level 1. HP: 11/11 MP: 2/2
    95 | D:1      | Reached XP level 2. HP: 15/15 MP: 3/3
   506 | D:1      | Found a faded altar of an unknown god.
   530 | D:1      | Reached XP level 3. HP: 18/18 MP: 4/4
   996 | D:2      | Noticed Terence
  1005 | D:2      | Killed Terence
  1006 | D:2      | Reached skill level 5 in Stealth
  1006 | D:2      | Reached XP level 4. HP: 23/23 MP: 5/5
  1370 | D:2      | You fall into a shaft and drop 1 floor!
  2264 | D:3      | Reached XP level 5. HP: 25/26 MP: 6/6
  2995 | D:4      | Found a runed translucent door.
  3003 | D:4      | Noticed P0WERM0DE's ghost (amateur CoCK)
  3009 | D:4      | Reached XP level 6. HP: 30/30 MP: 5/7
  3398 | D:4      | Reached skill level 2 in Fighting
  3398 | D:4      | Reached skill level 5 in Short Blades
  3749 | D:5      | Entered Level 5 of the Dungeon
  3823 | D:5      | Reached XP level 7. HP: 34/35 MP: 6/8
  4031 | D:5      | Reached skill level 3 in Fighting
  4201 | D:5      | Gained mutation: You have razor-sharp teeth. [Vine Stalker
                  | growth]
  4201 | D:5      | Reached XP level 8. HP: 39/42 MP: 4/9
  4456 | D:5      | Reached skill level 4 in Fighting
  4501 | D:5      | Noticed Menkaure
  4755 | D:5      | Killed Menkaure
  5224 | D:6      | Reached skill level 5 in Fighting
  5258 | D:6      | Became a worshipper of Beogh the Shepherd
  5322 | D:6      | Found a staircase to the Ecumenical Temple.
  5357 | D:6      | Found a transporter.
  5441 | D:6      | Noticed Sigmund
  5457 | D:6      | Killed Sigmund
  5458 | D:6      | Reached XP level 9. HP: 47/47 MP: 10/10
  5558 | D:6      | Found an ancient bone altar of Kikubaaqudgha.
  5561 | D:6      | Found a radiant altar of Vehumet.
  5564 | D:6      | Found a stormy altar of Qazlal.
  5567 | D:6      | Found an iron altar of Okawaru.
  5581 | D:6      | Identified the +1 buckler "Imnep" {rN+ Dex+5}
  5594 | D:6      | Found a transporter.
  5607 | D:6      | Noticed lilalause's ghost (weakling CoDe)
  5902 | D:7      | Reached skill level 6 in Fighting
  6032 | D:7      | Noticed a hornet
  6057 | D:7      | Killed a hornet
  6058 | D:7      | Reached skill level 10 in Short Blades
  6065 | D:7      | Reached * piety under Beogh
  6382 | D:7      | Killed an unseen horror
  6383 | D:7      | Reached skill level 1 in Armour
  6383 | D:7      | Reached skill level 1 in Evocations
  6548 | D:7      | Found a runed translucent door.
  6549 | D:7      | Noticed Crazy Yiuf
  6688 | D:7      | Reached XP level 10. HP: 50/53 MP: 11/11
  7111 | D:8      | Reached skill level 7 in Fighting
  8320 | D:9      | Reached skill level 1 in Invocations
  8330 | D:9      | HP: 2/55 [yak (9)]
  8494 | D:9      | Reached skill level 8 in Fighting
  8551 | D:9      | Reached XP level 11. HP: 50/60 MP: 14/14
  8658 | D:9      | Reached ** piety under Beogh
  8759 | D:9      | Noticed a two-headed ogre
  8762 | D:9      | Killed a two-headed ogre
  8763 | D:9      | Identified the +8 flail "Duneilee" {holy, SInv}
  8834 | D:9      | Noticed Erica
  8846 | D:9      | Killed Erica
  8847 | D:9      | Reached skill level 5 in Armour
  8847 | D:9      | Reached skill level 5 in Invocations
  9144 | D:9      | Reached skill level 9 in Fighting
  9194 | D:10     | Entered Level 10 of the Dungeon
  9253 | D:10     | Found a runed translucent door.
  9258 | D:10     | Noticed kuniqs's ghost (journeyman DsFi)
  9403 | D:10     | Found a staircase to the Lair.
  9442 | D:10     | Found a staircase to the Orcish Mines.
  9927 | Lair:1   | Entered Level 1 of the Lair of Beasts
 10125 | Lair:1   | Noticed a skyshark
 10148 | Lair:1   | Killed a skyshark
 10149 | Lair:1   | Reached XP level 12. HP: 18/67 MP: 14/18
 10328 | Lair:1   | Identified the +5 halberd "Qiuqopry" {elec, rElec}
 10408 | Lair:1   | Reached skill level 10 in Fighting
 11753 | Lair:2   | Found a staircase to the Shoals.
 12189 | Lair:3   | Reached *** piety under Beogh
 12232 | Lair:3   | Anointed Brunolf the priest as your apostle
 12453 | Lair:3   | Reached skill level 11 in Fighting
 12734 | Lair:3   | Reached XP level 13. HP: 57/74 MP: 17/20
 13076 | Lair:3   | Mangled by a death yak

Illustrated notes

Levels and vault maps discovered:
D:1:      lightli_arrival_windingriver, layout_loops_cross,
          shapermc_ecumenical_altar_totnotflames
D:2:      layout_basic, uniq_terence
D:3:      layout_basic, lexackson_kobold_supper
D:4:      layout_basic, ebering_ghost_sewer_d
D:5:      lemuel_castle_with_subvaults [lemuel_castle_interior_carwin_3],
          layout_loops_ring, uniq_menkaure
D:6:      layout_cave_pools, grunt_temple_overflow_cloverleaf,
          minmay_temple_entry_trees, gammafunk_ghost_gnarly_gnolls, uniq_sigmund
D:7:      layout_basic, hangedman_decor_opposing, uniq_crazy_yiuf_cottage
D:8:      layout_layer_cave
D:9:      layout_irregular_city, uniq_erica
D:10:     layout_gridville, minmay_lair_entry_grove, orc_0_dummy,
          ebering_ghost_reflecting_pool
Lair:1:   layout_cave_pods, st_stairs_10, minmay_holes, serial_bayou_shore_b
Lair:2:   layout_chaotic_city, nicolae_shoals_entry_roost, evilmike_ambush
          [evilmike_ambush_outer_pillars, evilmike_ambush_inner_basic]
Lair:3:   layout_layer_cave, nicolae_snake_entry_warm_welcome,
          dreamdust_gnoll_shepherd

Skill      XL: |  1  2  3  4  5  6  7  8  9 10 11 12 |
---------------+-------------------------------------+-----
Short Blades   | 2 3 4 5 6 8 10 | 10.0
Stealth        | 5 6 7 |  7.5
Fighting       | 2 3 5 6 8 9 11 | 11.3
Armour         | 1 4 6 7 |  7.7
Evocations     | 2 4 |  4.0
Invocations    | 3 6 9 |  9.2
Throwing       | |  1.7
Dodging        | |  0.9

Action                     |  1- 3 |  4- 6 |  7- 9 | 10-12 | 13-15 || total
---------------------------+-------+-------+-------+-------+-------++-------
  Melee: Dagger            |    35 |       |       |       |       ||    35
         Bite              |    11 |    42 |   184 |   424 |     7 ||   668
         Short sword       |    12 |   147 |   523 |   886 |    14 ||  1582
  Throw: Dart              |    14 |    28 |     5 |    12 |       ||    59
 Invoke: Convert to Beogh  |       |       |     1 |       |       ||     1
         Recruit Apostle   |       |       |       |     1 |       ||     1
  Evoke: Wand              |       |       |       |     3 |       ||     3
    Use: Scroll            |       |     6 |     2 |     5 |       ||    13
         Potion            |       |       |     1 |     1 |       ||     2
   Stab: Sleeping          |     9 |    13 |     6 |    12 |       ||    40
         Distracted        |       |       |     2 |     3 |     1 ||     6
 Armour: Robe              |    15 |    34 |       |       |       ||    49
         Leather armour    |       |    17 |   142 |       |       ||   159
         Scale mail        |       |       |    29 |   115 |       ||   144
         Acid dragon scale |       |       |       |   215 |     9 ||   224
  Dodge: Dodged            |    14 |    74 |   248 |   385 |     3 ||   724
  Block: Buckler           |       |       |       |    82 |     2 ||    84

Table legend: (Time is in decaauts)
 A = Elapsed time spent in this place.
 B = Non-inter-level travel time spent in this place.
 C = Inter-level travel time spent in this place.
 D = Time resting spent in this place.
 E = Time spent auto-exploring this place.
 F = Levels seen in this place.
 G = Mean time per level.
                   A        B        C        D        E       F      G
               +--------+--------+--------+--------+--------+-----+--------+
         Total |  12445 |  11802 |    643 |    350 |   8678 |  13 |  957.3 |
       Dungeon |   9472 |   8891 |    581 |    170 |   6579 |  10 |  947.2 |
          Lair |   2973 |   2911 |     62 |    180 |   2098 |   3 |  991.0 |
               +--------+--------+--------+--------+--------+-----+--------+

Top non-repeatable levels by time:
     D:5: 1349 daAuts
     D:8: 1272 daAuts
     D:3: 1203 daAuts
     D:7: 1093 daAuts
  Lair:1: 1081 daAuts
  Lair:2: 1034 daAuts
     D:2: 956 daAuts
     D:4: 883 daAuts
  Lair:3: 857 daAuts
     D:9: 761 daAuts
     D:1: 696 daAuts
    D:10: 661 daAuts
     D:6: 595 daAuts
